 Dungeon Crawl Stone Soup version 0.29.1-15-g9cfb28693d (webtiles) character file.

Game seed: 11769454097246869934

219796 KamiKatze the Eclecticist (level 18, -25/101 HPs)
             Began as a Deep Elf Conjurer on Apr 21, 2023.
             Was the Champion of Vehumet.
             Killed from afar by a deep elf high priest (41 damage)
             ... with damnation
             ... on level 3 of the Elven Halls on Apr 23, 2023.
             The game lasted 03:20:12 (43040 turns).

KamiKatze the Eclecticist (Deep Elf Conjurer)      Turns: 43040, Time: 03:20:13

Health: -25/101    AC: 14    Str: 12    XL:     18   Next: 45%
Magic:  34/44      EV: 15    Int: 36    God:    Vehumet [******]
Gold:   2393       SH:  7    Dex: 17    Spells: 2/58 levels left

rFire   + . .      SeeInvis +   a - staff of air
rCold   . . .      Faith    .   y - +2 buckler {rPois}
rNeg    . . .      Spirit   .   F - +4 robe of Augmentation {Str+4 Int+4 Dex+4}
rPois   +          Reflect  .   Z - +2 helmet {SInv}
rElec   +          Harm     .   B - +2 cloak {Will+}
rCorr   +          Rampage  .   f - +0 pair of gloves
Will    ++...                   Q - +0 pair of boots
Stlth   ++++......              (no amulet)
HPRegen 0.26/turn               X - ring "Anafiro" {rPois rF+ Str+4}
MPRegen 0.29/turn               t - ring of resist corrosion

@: no status effects
A: no striking features
}: 1/15 runes: serpentine
a: Renounce Religion


You were on level 3 of the Elven Halls.
You worshipped Vehumet.
Vehumet was exalted by your worship.
You visited 7 branches of the dungeon, and saw 31 of its levels.
You also visited: Ossuary, Bailey, Gauntlet and Ice Cave.

You collected 3831 gold pieces.
You spent 1438 gold pieces at shops.

Inventory:

Hand Weapons
 S - the +5 scimitar of Blood {flame, rElec}
   (You found it on level 5 of the Dungeon)

   It burns those it strikes, dealing additional fire damage.
   Big, fiery blades are also staple armaments of hydra-hunters.
   rElec:     It insulates you from electricity.
Missiles
 e - 17 poisoned darts
 r - 3 curare-tipped darts (quivered)
 V - 4 throwing nets
Armour
 f - a +0 pair of gloves (worn)
 h - a +0 robe of cold resistance
 y - a +2 buckler of poison resistance (worn)
 B - a +2 cloak of willpower (worn)
 F - the +4 robe of Augmentation (worn) {Str+4 Int+4 Dex+4}
   (You found it on level 8 of the Dungeon)

   Str:       It affects your strength (+4).
   Int:       It affects your intelligence (+4).
   Dex:       It affects your dexterity (+4).
 G - a +2 robe of fire resistance
 Q - a +0 pair of boots (worn)
 Z - a +2 helmet of see invisible (worn)
Magical Staves
 a - a staff of air (weapon)
 k - a staff of fire
Jewellery
 c - a ring of flight
 i - a +4 ring of evasion
 t - a ring of resist corrosion (right hand)
 H - a ring of protection from fire
 X - the ring "Anafiro" (left hand) {rPois rF+ Str+4}
   (You acquired it on level 7 of the Dungeon)

   [ring of poison resistance]

   Str:       It affects your strength (+4).
   rF:        It protects you from fire.
   rPois:     It protects you from poison.
Wands
 n - a wand of iceblast (34)
 s - a wand of flame (46)
 U - a wand of mindburst (12)
 W - a wand of digging (17)
Scrolls
 d - a scroll of enchant armour
 g - 7 scrolls of poison
 p - a scroll of enchant weapon
 q - 8 scrolls of fear
 w - a scroll of brand weapon
 C - 3 scrolls of fog
 D - 7 scrolls of blinking
 L - 2 scrolls of summoning
 M - 9 scrolls of teleportation
 N - 2 scrolls of torment
 P - 4 scrolls of magic mapping
 R - a scroll of amnesia
Potions
 b - 4 potions of magic
 j - 6 potions of curing
 l - 3 potions of haste
 m - 7 potions of heal wounds
 o - 4 potions of flight
 u - 7 potions of berserk rage
 x - 5 potions of might
 z - 6 potions of cancellation
 A - 8 potions of lignification
 E - 2 potions of brilliance
 I - 3 potions of invisibility
 J - 7 potions of attraction
 O - 2 potions of resistance


   Skills:
 - Level 7.6 Fighting
 - Level 2.0 Throwing
 - Level 6.0 Dodging
 - Level 9.0 Stealth
 - Level 4.0 Shields
 + Level 20.9 Spellcasting
 + Level 18.2 Conjurations
 - Level 10.0 Hexes
 - Level 10.0 Translocations
 * Level 14.5 Fire Magic
 - Level 11.7 Air Magic
 - Level 8.0 Earth Magic
 - Level 3.0 Poison Magic
 - Level 2.0 Evocations


You had 2 spell levels left.
You knew the following spells:

 Your Spells              Type           Power      Damage    Failure   Level
a - Magic Dart            Conj           100%       1d8       0%          1
b - Searing Ray           Conj           100%       2d8       0%          2
c - Fulminant Prism       Conj/Hex       47%        3d21      1%          4
d - Iskenderun's Mystic   Conj/Tloc      95%        2d18      1%          4
e - Fireball              Conj/Fire      50%        3d20      1%          5
f - Lee's Rapid Deconstr  Erth           38%        3d20*     1%          5
g - Iron Shot             Conj/Erth      46%        9d9       1%          6
h - Orb of Destruction    Conj           53%        9d13      1%          7
i - Ignition              Fire           48%        3d14      4%          8
j - Maxwell's Capacitive  Air            55%        ∞         13%         8
l - Conjure Ball Lightni  Conj/Air       60%        3x3d22    1%          6

Your spell library contained the following spells:

 Spells                   Type           Power      Damage    Failure   Level
 Slow                     Hex            100%       N/A       0%          1
 Scorch                   Fire           100%       2d10      0%          2
 Beastly Appendage        Tmut           74%        N/A       1%          1
 Call Imp                 Summ           37%        N/A       1%          2
 Ensorcelled Hibernation  Hex/Ice        100%       N/A       1%          2
 Passwall                 Tmut/Erth      50%        N/A       1%          2
 Dazzling Flash           Conj/Hex       100%       N/A       0%          3
 Flame Wave               Conj/Fire      100%       2d21      0%          4
 Iskenderun's Battlesphe  Conj           100%       2d15      0%          5
 Confusing Touch          Hex            83%        N/A       1%          3
 Mephitic Cloud           Conj/Pois/Air  100%       N/A       1%          3
 Portal Projectile        Hex/Tloc       100%       N/A       1%          3
 Swiftness                Air            100%       N/A       1%          3
 Tukima's Dance           Hex            83%        N/A       1%          3
 Yara's Violent Unravell  Hex/Tmut       32%        3d13      1%          5
 Starburst                Conj/Fire      50%        6d14      1%          6
 Ozocubu's Armour         Ice            37%        N/A       3%          3
 Vampiric Draining        Necr           37%        2d8       3%          3
 Summon Forest            Summ/Tloc      32%        N/A       3%          5
 Animate Dead             Necr           37%        N/A       10%         4
 Eringya's Noxious Bog    Tmut/Pois      24%        N/A       21%         6
 Blade Hands              Tmut           18%        N/A       26%         5
 Statue Form              Tmut/Erth      40%        N/A       28%         6
 Fire Storm               Conj/Fire      50%        8d13      28%         9
 Chain Lightning          Conj/Air       60%        3d80      45%         9
 Storm Form               Tmut/Air       44%        N/A       58%         7
 Summon Cactus Giant      Summ           18%        N/A       83%         6
 Ozocubu's Refrigeration  Ice            18%        4d11      87%         7
 Haunt                    Necr/Summ      18%        N/A       100%        7
 Summon Hydra             Summ           18%        N/A       100%        7
 Infestation              Necr           18%        N/A       100%        8
 Shatter                  Erth           38%        3d30*     100%        9


Dungeon Overview and Level Annotations

Branches:
Dungeon (15/15)            Temple (1/1) D:7            Lair (5/5) D:10
  Swamp (1/4) Lair:3        Snake (4/4) Lair:3        Slime (0/5) Lair:4
    Orc (2/2) D:10            Elf (3/3) Orc:2        Vaults (0/5) D:14
 Depths (0/4) D:15        Ossuary (visited)          Bailey (visited)
  IceCv (visited)         Gauntlet (visited)

Altars:
Ashenzari
Cheibriados
Dithmenos
Elyvilon
Fedhas
Gozag
Hepliaklqana
Kikubaaqudgha
Makhleb
Nemelex Xobeh
Okawaru
Qazlal
Ru
Sif Muna
Trog
Uskayaw
Vehumet
Wu Jian
Xom
Yredelemnul
Zin
The Shining One
Jiyva

Shops:
D:8 !   D:9 :?[   D:14 [   D:15 (![[(   Orc:2 ![(   Snake:2 [   Snake:4 *

Portals:
Trove: D:10 (give 7 scrolls of blinking)

Annotations:
D:15 3 runed translucent doors, exclusion: 3 doors, Ydaala Juibb's ghost, journeyman HOBe


Message History

You start resting.
Magic restored.
There is an open door here.
There is an open door here.
There is an open door here.
A deep elf master archer comes into view.
The deep elf master archer shouts!
The deep elf master archer wields a +0 longbow.
The deep elf master archer shoots an arrow.
The arrow hits you!!
The deep elf master archer shoots an arrow.
The arrow completely misses you.
You hear a shout!
Casting: Iron Shot (mildly dangerous; 1% risk of failure)
Confirm with . or Enter, or press ? or * to list all spells.
You erupt in a blast of force!
The mystic blast hits the deep elf master archer!
The deep elf master archer is lightly wounded.
The deep elf master archer is knocked back by the mystic blast.
A deep elf high priest comes into view. It is wielding a +0 short sword.
The deep elf master archer shoots an arrow.
The arrow hits you!!
* * * LOW HITPOINT WARNING * * *
Unknown command.
Casting: Iskenderun's Mystic Blast (safe; 1% risk of failure)
Confirm with . or Enter, or press ? or * to list all spells.
Okay, then.
Casting: Iskenderun's Mystic Blast (safe; 1% risk of failure)
Confirm with . or Enter, or press ? or * to list all spells.
You feel a surge of power!
You create some ball lightning! 3 ball lightnings come into view.
The deep elf master archer shoots an arrow.
You block the arrow.
The deep elf master archer shoots an arrow.
The arrow hits you!!
* * * LOW HITPOINT WARNING * * *
You swap places.
The deep elf high priest invokes the aid of its god against you.
The sphere of damnation explodes!
The damnation engulfs you!!!
You die...

#.## )# ##.## ###§# ##.##
#...# ##.## ###)### ##.#####
###.)...### ##'...##
#.........# ######.....##
#...e.....#
....'.......#######.*..e....#
#####...8...'..*@.*.........#
#.......#######.).......#
##.....## ###.....###
##'#...#'## ###.##+
##.####'##.## #### ##.##
#.###.## ###..# ##.## #.#
##.#####....# #'## #.#
##'##......# ..#
###'######........#


You could see a deep elf master archer (ally target), a deep elf high priest and
3 friendly ball lightnings.

Vanquished Creatures
  Saint Roka (Orc:2)
  Rupert (Lair:5)
  A deep elf blademaster (Elf:2)
  Agnes (Elf:1)
  Roxanne (Elf:1)
  4 nagarajas (Snake:4)
  Aizul (Snake:2)
  A deep elf sorcerer (Elf:3)
  A deep elf elementalist (Elf:1)
  Nessos (D:14)
  4 deep elf annihilators
  A deep elf demonologist (Elf:3)
  A bunyip (Swamp:1)
  2 deep elf death magi (Elf:3)
  Snorg (Lair:4)
  A deep elf high priest (Elf:2)
  2 vault guards
  2 ice dragons (D:15)
  10 hydras
  7 boulder beetles
  4 catoblepae
  An ogre mage (D:15)
  3 salamander tyrants
  Erica (D:9)
  6 anacondas
  A merfolk avatar (Lair:5)
  2 centaur warriors
  27 dancing weapons
  4 death yaks
  6 two-headed ogres
  An alligator (Swamp:1)
  3 orc high priests (Orc:2)
  19 naga warriors
  Urug (Lair:4)
  17 naga sharpshooters
  20 deep elf knights
  5 shock serpents
  3 slime creatures (D:14)
  9 salamander mystics
  19 deep elf archers
  2 naga ritualists
  A spriggan druid (Swamp:1)
  2 bog bodies (Swamp:1)
  A harpy (Lair:5)
  35 deep elf zephyrmancers
  4 mana vipers
  4 orc knights
  39 deep elf pyromancers
  An ugly thing (D:13)
  2 cyclopes
  2 orc sorcerers
  5 elephants
  27 salamanders
  2 manticores
  22 black mambas
  23 naga magi
  Joseph (D:9)
  A guardian serpent (Snake:3)
  12 cane toads
  An ice statue (IceCv)
  A freezing wraith (D:14)
  2 efreet
  5 komodo dragons
  4 unseen horrors
  A kobold demonologist (D:12)
  A rime drake (Lair:1)
  2 ice devils (D:12)
  6 polar bears
  5 trolls
  Prince Ribbit (D:8)
  2 hornets
  Grinder (D:4)
  20 blink frogs
  A wind drake (Lair:5)
  A blink frog (shapeshifter) (Elf:1)
  4 snapping turtles (Lair:5)
  A shadow (D:11)
  A water elemental (Elf:2)
  2 wraiths
  A wyvern (Lair:2)
  3 air elementals
  A spriggan (shapeshifter) (Elf:2)
  3 basilisks
  31 yaks
  4 fire elementals
  Grum (D:8)
  4 steam dragons
  10 humans (D:14)
  18 vampire mosquitoes
  8 redbacks (Elf:1)
  6 wargs
  42 nagas
  Edmund (D:6)
  An acid dragon (D:10)
  Duvessa (D:5)
  14 water moccasins
  A black bear (D:5)
  42 orc warriors
  4 ice beasts
  A black bear (shapeshifter) (D:13)
  8 ogres
  14 centaurs
  12 wolves
  A phantom (D:6)
  5 kobold brigands
  11 bullfrogs
  A necrophage (D:6)
  A gnoll sergeant (D:9)
  6 earth elementals
  5 scorpions
  5 water moccasin zombies (Ossuary)
  13 wights
  Dowan (D:5)
  7 killer bees
  10 electric eels
  10 howler monkeys
  2 hounds
  22 orc priests
  A gnoll bouda (D:5)
  A jelly (D:5)
  6 iguanas
  31 orc wizards
  12 hell rats
  3 hound zombies (D:3)
  2 mummies (Ossuary)
  3 adders
  8 gnolls
  A shadow imp (D:4)
  2 white imps
  An ufetubus (D:5)
  7 adder zombies (Ossuary)
  2 worms
  4 dart slugs
  99 orcs
  6 endoplasms
  A giant cockroach (D:2)
  9 goblins
  8 hobgoblins
  4 jackals (D:3)
  4 quokkas
  6 ball pythons
  5 bats
  3 frilled lizards
  A hobgoblin zombie (Ossuary)
  23 kobolds
  5 kobold zombies (Ossuary)
  2 orc zombies (Ossuary)
  2 quokka zombies
  11 rats
  A rat zombie (D:7)
1049 creatures vanquished.

Vanquished Creatures (collateral kills)
  2 water moccasins (D:7)
  A white imp (D:7)
  39 ball lightnings
42 creatures vanquished.

Vanquished Creatures (others)
  A vault guard (D:14)
  A deep elf knight (Elf:2)
  508 ball lightnings
  329 fulminant prisms
  51 fungi
  119 plants
1009 creatures vanquished.

Grand Total: 2100 creatures vanquished

Notes
Turn   | Place    | Note
-------+----------+-------------------------------------------
     0 | D:1      | KamiKatze the Deep Elf Conjurer began the quest for the
                  | Orb.
     0 | D:1      | Reached XP level 1. HP: 10/10 MP: 6/6
   180 | D:1      | Reached XP level 2. HP: 15/15 MP: 2/8
   184 | D:1      | Learned a level 2 spell: Searing Ray
   845 | D:2      | Reached skill level 1 in Translocations
   845 | D:2      | Reached XP level 3. HP: 19/19 MP: 6/9
   852 | D:2      | Reached skill level 1 in Hexes
  1057 | D:2      | Found a shimmering blue altar of Sif Muna.
  1368 | D:2      | Found a faded altar of an unknown god.
  1497 | D:2      | Reached skill level 1 in Evocations
  1578 | D:3      | Reached skill level 1 in Throwing
  1578 | D:3      | Reached XP level 4. HP: 5/24 MP: 0/11
  2001 | D:3      | Reached XP level 5. HP: 24/28 MP: 0/12
  2043 | D:3      | Found a basalt altar of Yredelemnul.
  2480 | D:3      | Found an opulent altar of Gozag.
  2609 | D:3      | Reached skill level 5 in Conjurations
  3180 | D:4      | Found a bloodstained altar of Trog.
  3186 | D:4      | Noticed Grinder
  3191 | D:4      | Paralysed by Grinder for 2 turns
  3198 | D:4      | Killed Grinder
  3199 | D:4      | Reached skill level 4 in Spellcasting
  3199 | D:4      | Reached XP level 6. HP: 32/32 MP: 3/14
  3204 | D:4      | Learned a level 4 spell: Fulminant Prism
  3209 | D:4      | Learned a level 4 spell: Iskenderun's Mystic Blast
  3731 | D:4      | Reached XP level 7. HP: 29/36 MP: 11/16
  3863 | D:5      | Entered Level 5 of the Dungeon
  3868 | D:5      | Reached skill level 5 in Spellcasting
  4185 | D:5      | Noticed Dowan
  4186 | D:5      | Noticed Duvessa
  4240 | D:5      | Reached skill level 5 in Hexes
  4331 | D:5      | Reached skill level 6 in Spellcasting
  4563 | D:5      | Killed Duvessa
  4564 | D:5      | Reached XP level 8. HP: 37/41 MP: 10/19
  4688 | D:5      | Killed Dowan
  4983 | D:5      | Reached skill level 5 in Translocations
  5018 | D:5      | Found a blossoming altar of Fedhas.
  5265 | D:5      | Reached skill level 7 in Spellcasting
  5303 | D:5      | Identified the +5 scimitar of Blood {flame, rElec}
  5342 | D:6      | Noticed Edmund
  5541 | D:6      | Reached XP level 9. HP: 45/45 MP: 2/22
  5683 | D:6      | Reached skill level 8 in Spellcasting
  6073 | D:6      | Found a hazy altar of Hepliaklqana.
  6152 | D:6      | Killed Edmund
  6688 | D:7      | Identified a scroll of acquirement
  6705 | D:7      | Reached skill level 9 in Spellcasting
  6730 | D:7      | Reached skill level 1 in Shields
  6772 | D:7      | Found a staircase to the Ecumenical Temple.
  6800 | D:7      | Found a sand-covered staircase.
  6808 | Ossuary  | Entered an ossuary
  6967 | Ossuary  | Reached XP level 10. HP: 48/50 MP: 11/25
  7351 | Temple   | Entered the Ecumenical Temple
  7351 | Temple   | Found a transporter.
  7351 | Temple   | Found a transporter.
  7354 | Temple   | Found a transporter.
  7354 | Temple   | Found a transporter.
  7773 | D:7      | Found an iron altar of Okawaru.
  8042 | D:8      | Noticed Grum
  8052 | D:8      | Killed Grum
  8178 | D:8      | Noticed Prince Ribbit
  8203 | D:8      | Killed Prince Ribbit
  8204 | D:8      | Reached skill level 10 in Spellcasting
  8233 | D:8      | Found the +4 robe of Augmentation {Str+4 Int+4 Dex+4}
  8424 | D:8      | Found Udghu's Distillery.
  8428 | D:8      | Bought a potion of mutation for 88 gold pieces
  8430 | D:8      | Noticed a two-headed ogre
  8436 | D:8      | Killed a two-headed ogre
  8740 | D:8      | Found a hide-covered altar of Uskayaw.
  8740 | D:8      | Found an ancient bone altar of Kikubaaqudgha.
  8747 | D:8      | Found a radiant altar of Vehumet.
  8749 | D:8      | Found a faded altar of an unknown god.
  8751 | D:8      | Found a faded altar of an unknown god.
  8756 | D:8      | Became a worshipper of Vehumet
  8872 | D:9      | Noticed Erica
  9117 | D:9      | Killed Erica
  9118 | D:9      | Reached skill level 10 in Hexes
  9343 | D:9      | Found a flagged portal.
  9353 | Bailey   | Entered a bailey
  9519 | Bailey   | Reached * piety under Vehumet
  9519 | Bailey   | Offered knowledge of Foxfire by Vehumet.
  9712 | Bailey   | Reached XP level 11. HP: 54/54 MP: 15/27
  9776 | Bailey   | Learned a level 3 spell: Mephitic Cloud
  9841 | Bailey   | Noticed an orc knight
  9908 | Bailey   | Noticed an orc knight
  9916 | Bailey   | Killed an orc knight
  9917 | Bailey   | Reached skill level 10 in Conjurations
  9917 | Bailey   | Reached skill level 1 in Poison Magic
 10000 | Bailey   | Killed an orc knight
 10001 | Bailey   | Reached skill level 11 in Spellcasting
 10001 | Bailey   | Reached skill level 1 in Air Magic
 10364 | D:9      | Noticed Joseph
 10369 | D:9      | Killed Joseph
 10520 | D:9      | Found Xediuxog's Magic Scroll Shop.
 10524 | D:9      | Bought a scroll of teleportation for 48 gold pieces
 10540 | D:9      | Found a broken altar of Ashenzari.
 10555 | D:9      | Bought a scroll of teleportation for 48 gold pieces
 10925 | D:9      | Learned a level 5 spell: Fireball
 11024 | D:9      | Found Gepnuch's Book Shop.
 11212 | D:9      | Offered knowledge of Static Discharge by Vehumet.
 11329 | D:9      | Found Naidexuust's Antique Armour Shoppe.
 11373 | D:9      | Bought an embroidered cloak for 172 gold pieces
 11373 | D:9      | Bought an ancient helmet for 218 gold pieces
 11373 | D:9      | Identified the +0 helmet of Infinity {Rampage rElec Regen+
                  | Dex-5} (You bought it in a shop on level 9 of the Dungeon)
 11485 | D:10     | Entered Level 10 of the Dungeon
 11490 | D:10     | Reached skill level 1 in Fire Magic
 11493 | D:10     | Reached ** piety under Vehumet
 11706 | D:10     | Identified the +6 long sword of Vopefahu {protect, Str+2}
 11848 | D:10     | Found a staircase to the Orcish Mines.
 12050 | D:10     | Found a white marble altar of Elyvilon.
 12050 | D:10     | Found a glowing silver altar of Zin.
 12053 | D:10     | Found a glowing golden altar of the Shining One.
 12056 | D:10     | Found a staircase to the Lair.
 12181 | Lair:1   | Entered Level 1 of the Lair of Beasts
 12284 | D:10     | Noticed a vault guard
 12293 | D:10     | Killed a vault guard
 12396 | D:10     | Found a portal to a secret trove of treasure.
 12426 | D:10     | Reached skill level 1 in Fighting
 13105 | Lair:1   | Reached skill level 12 in Spellcasting
 13196 | Lair:1   | Reached XP level 12. HP: 33/61 MP: 21/30
 13845 | Lair:2   | Offered knowledge of Stone Arrow by Vehumet.
 13846 | Lair:2   | Reached skill level 10 in Translocations
 13895 | Lair:2   | Noticed a seven-headed hydra
 14188 | Lair:2   | Reached *** piety under Vehumet
 14490 | Lair:2   | Learned a level 6 spell: Conjure Ball Lightning
 14599 | Lair:2   | Identified the +1 dagger of Qazlal's Envy {flame, rElec
                  | Str+4 Int-2}
 14625 | Lair:2   | Killed a seven-headed hydra
 14626 | Lair:2   | Reached skill level 5 in Air Magic
 14939 | Lair:3   | Noticed a catoblepas
 14996 | Lair:3   | Noticed a four-headed hydra
 15001 | Lair:3   | Killed a four-headed hydra
 15002 | Lair:3   | Reached skill level 5 in Stealth
 15006 | Lair:3   | Noticed a boulder beetle
 15160 | Lair:3   | Reached skill level 5 in Dodging
 15160 | Lair:3   | Reached skill level 5 in Fire Magic
 15368 | Lair:3   | Reached skill level 13 in Spellcasting
 15433 | Lair:3   | Found a staircase to the Snake Pit.
 15461 | Lair:3   | Killed a catoblepas
 15461 | Lair:3   | Offered knowledge of Ignite Poison by Vehumet.
 15465 | Lair:3   | Killed a boulder beetle
 15629 | Lair:3   | Noticed a four-headed hydra
 15633 | Lair:3   | Killed a four-headed hydra
 15697 | Lair:3   | Learned a level 7 spell: Orb of Destruction
 15993 | Lair:3   | Found a staircase to the Swamp.
 16287 | Lair:4   | Reached XP level 13. HP: 68/68 MP: 32/32
 16439 | Lair:4   | Found a viscous altar of Jiyva.
 16441 | Lair:4   | Found a staircase to the Slime Pits.
 16454 | Lair:4   | Noticed Snorg
 16460 | Lair:4   | Killed Snorg
 16601 | Lair:4   | Reached **** piety under Vehumet
 16611 | Lair:4   | Reached skill level 1 in Earth Magic
 16637 | Lair:4   | Offered knowledge of Yara's Violent Unravelling by Vehumet.
 17073 | Lair:4   | Noticed Urug
 17084 | Lair:4   | Killed Urug
 17310 | Lair:5   | Entered Level 5 of the Lair of Beasts
 17820 | Lair:5   | Noticed Rupert
 17824 | Lair:5   | Killed Rupert
 17825 | Lair:5   | Reached skill level 14 in Spellcasting
 18669 | Lair:5   | Reached ***** piety under Vehumet
 19106 | Lair:5   | Identified the +5 battleaxe of Calamity {venom, Str+5 Int+4
                  | Stlth+}
 19111 | Lair:5   | Got Sif Muna's Grimoire of Calid Intoxication
 19420 | Orc:1    | Entered Level 1 of the Orcish Mines
 19477 | Orc:1    | Offered knowledge of Sticky Flame by Vehumet.
 19640 | Orc:2    | Entered Level 2 of the Orcish Mines
 20011 | Orc:2    | Reached XP level 14. HP: 55/76 MP: 10/34
 20464 | Orc:2    | Found a staircase to the Elven Halls.
 20529 | Orc:2    | Found Qusyint's Armour Emporium.
 20992 | Orc:2    | Noticed Saint Roka
 21004 | Orc:2    | Killed Saint Roka
 21005 | Orc:2    | Reached skill level 15 in Spellcasting
 21091 | Orc:2    | Found Bavoir's Antique Weapon Shop.
 21093 | Orc:2    | Found Zuxam's Antique Armour Boutique.
 21230 | Orc:2    | Found Xiuzudimn's Distillery.
 21313 | Orc:1    | Offered knowledge of Lightning Bolt by Vehumet.
 21963 | D:11     | Identified the +9 whip of the Three Eyes {antimagic, Contam
                  | rElec rF++}
 21984 | D:11     | Learned a level 5 spell: Lee's Rapid Deconstruction
 22182 | D:11     | Found a gate leading to a gauntlet.
 22194 | Gauntlet | Entered a Gauntlet
 22194 | Gauntlet | Found a transporter.
 22197 | Gauntlet | Found a transporter.
 22202 | Gauntlet | Found a transporter.
 22206 | Gauntlet | Found a transporter.
 22214 | Gauntlet | Found a transporter.
 22217 | Gauntlet | Found a transporter.
 22222 | Gauntlet | Found a transporter.
 22229 | Gauntlet | Found a transporter.
 22233 | Gauntlet | Found a transporter.
 22237 | Gauntlet | Found a runed translucent door.
 22237 | Gauntlet | Found a runed translucent door.
 22238 | Gauntlet | Found a transporter.
 22245 | Gauntlet | Found a transporter.
 22249 | Gauntlet | Found a transporter.
 22254 | Gauntlet | Found a transporter.
 22261 | Gauntlet | Found a transporter.
 23013 | D:12     | Found a frozen archway.
 23022 | IceCv    | Entered an ice cave
 24111 | D:13     | Reached skill level 5 in Earth Magic
 24338 | D:13     | Found a sparkling altar of Nemelex Xobeh.
 24804 | D:13     | Reached skill level 5 in Fighting
 25294 | D:14     | Noticed Nessos
 25344 | D:14     | Killed Nessos
 25490 | D:14     | Offered knowledge of Freezing Cloud by Vehumet.
 25791 | D:14     | Reached skill level 16 in Spellcasting
 26084 | D:14     | Found a gate to the Vaults.
 26118 | D:14     | Found a sacrificial altar of Ru.
 26216 | D:14     | Found Inat's Antique Armour Emporium.
 26567 | D:15     | Entered Level 15 of the Dungeon
 26607 | D:15     | Found Beilyph's Antique Armour Shoppe.
 26607 | D:15     | Found a runed translucent gate.
 26612 | D:15     | Found a runed translucent gate.
 26612 | D:15     | Found a runed translucent gate.
 26688 | D:15     | Noticed Ydaala Juibb's ghost (journeyman HOBe)
 26701 | D:15     | Reached XP level 15. HP: 82/82 MP: 28/37
 26879 | D:15     | Found Sekeosuw's Weapon Shop.
 26967 | D:15     | Found Weduomam's Weapon Shoppe.
 27026 | D:15     | Found Opsyedippek's Distillery.
 27200 | D:15     | Found Iwoaph's Antique Armour Shop.
 27330 | D:15     | Reached skill level 10 in Air Magic
 27486 | D:15     | Found a white marble altar of Elyvilon.
 27528 | D:15     | Found a staircase to the Depths.
 27717 | D:15     | Bought a glowing helmet for 315 gold pieces
 27771 | D:14     | Bought a runed buckler for 210 gold pieces
 27840 | D:15     | Bought an embroidered robe for 70 gold pieces
 27997 | Snake:1  | Entered Level 1 of the Snake Pit
 29712 | Snake:2  | Reached skill level 17 in Spellcasting
 29728 | Snake:2  | Reached skill level 15 in Conjurations
 29729 | Snake:2  | Noticed Aizul
 30841 | Snake:2  | Killed Aizul
 31106 | Snake:2  | Found Qesorgha's Antique Armour Boutique.
 31328 | Snake:2  | Reached XP level 16. HP: 90/90 MP: 29/39
 31978 | Snake:3  | Offered knowledge of Iron Shot by Vehumet.
 31989 | Snake:3  | Learned a level 6 spell: Iron Shot
 32283 | Snake:3  | Reached skill level 18 in Spellcasting
 33654 | Snake:4  | Entered Level 4 of the Snake Pit
 34169 | Snake:4  | Found Movexeupe's General Store.
 34244 | Snake:4  | Bought a scroll of magic mapping for 105 gold pieces
 34244 | Snake:4  | Bought a scroll of teleportation for 42 gold pieces
 34662 | Snake:4  | Identified the +7 morningstar "Niutom" {vorpal, *Corrode
                  | +Blink Will+++ SInv}
 35228 | Snake:4  | Reached ****** piety under Vehumet
 35319 | Snake:4  | Offered knowledge of Spellforged Servitor by Vehumet.
 35921 | Snake:4  | Got a serpentine rune of Zot
 36331 | Lair:3   | Acquired the ring "Anafiro" {rPois rF+ Str+4}
 36336 | Lair:3   | Acquired 973 gold pieces
 36468 | Snake:2  | Bought a glowing robe for 122 gold pieces
 36682 | Swamp:1  | Entered Level 1 of the Swamp
 36693 | Swamp:1  | Reached skill level 19 in Spellcasting
 36693 | Swamp:1  | Reached XP level 17. HP: 56/96 MP: 24/42
 36931 | Elf:1    | Entered Level 1 of the Elven Halls
 37818 | Elf:1    | Noticed Agnes
 37830 | Elf:1    | Killed Agnes
 37931 | Elf:1    | Identified Roxanne's Volume of Transmigration
 37931 | Elf:1    | Noticed Roxanne
 37935 | Elf:1    | Killed Roxanne
 38117 | Elf:1    | Reached skill level 10 in Fire Magic
 39189 | Elf:1    | Learned a level 8 spell: Ignition
 39240 | Elf:2    | Found a runed translucent gate.
 39240 | Elf:2    | Found a runed translucent gate.
 39246 | Elf:2    | Found a runed translucent gate.
 39447 | Elf:2    | Offered knowledge of Irradiate by Vehumet.
 40014 | Elf:2    | Reached skill level 20 in Spellcasting
 41178 | Elf:3    | Entered Level 3 of the Elven Halls
 41213 | Elf:2    | Noticed a deep elf blademaster
 41215 | Elf:2    | Reached XP level 18. HP: 86/101 MP: 32/44
 41650 | Elf:2    | Offered knowledge of Maxwell's Capacitive Coupling by
                  | Vehumet.
 42141 | Elf:3    | Learned a level 8 spell: Maxwell's Capacitive Coupling
 42918 | Elf:3    | Noticed an Ice Fiend
 43040 | Elf:3    | Killed from afar by a deep elf high priest

Illustrated notes

Levels and vault maps discovered:
D:1:      dpeg_arrival_lava_temple_mockup, layout_basic
D:2:      layout_loops_ring, basic_altar,
          shapermc_ecumenical_altar_mp_ritualfount
D:3:      layout_basic, nicolae_yredelemnul_corpse_copse,
          nicolae_overflow_hidden_temple
D:4:      layout_cave_pods, lemuel_crystal_altar, uniq_grinder
D:5:      layout_rooms, fedhas_altar_fruit_tree, uniq_duvessa
D:6:      layout_rooms, nzn_hepliaklqana_mist_gate, dreamdust_princess_corridor,
          st_stairs_9, grunt_decor_fettered, kennysheep_small_spiral,
          uniq_edmund
D:7:      layout_rooms, general_overflow_altar,
          minmay_temple_entry_antechambers, enter_ossuary_4,
          small_statue_alley_b, minivault_4, hangedman_minor_gate_pass
D:8:      layout_cave_pools, chequers_temple_overflow_minitemple, serial_shops,
          kennysheep_mini_moat, uniq_grum, uniq_prince_ribbit1
D:9:      layout_loops_ring, nicolae_ashenzari_panopticon, serial_shops, shop,
          shop, nicolae_inconvenience_store, enter_bailey_3, minivault_22,
          uniq_erica, uniq_joseph
D:10:     layout_loops_ring, good_gods_temple_1, david_lair_shrubbed,
          david_orc_1_choice, enter_trove_5, chequers_decorated_corner,
          grunt_ministairs_1, st_stairs_9
D:11:     layout_roguey, gauntlet_entry_generic
D:12:     layout_irregular_city, portal_ice_cave_demonic_guard,
          ebering_dispersal_statue_hall
D:13:     layout_basic, nemelex_lonely_heart_becter
D:14:     layout_irregular_city, ximxim_vaults_locker_room, serial_shops, shop,
          hangedman_ru_absence, uniq_nessos
D:15:     grunt_enter_depths_hoard, layout_irregular_city, gammafunk_ghost_icy,
          serial_bayou_ford_a, serial_shops, shop, nicolae_shop_behind_doors,
          nicolae_shop_bloodbath_and_beyond, nicolae_shop_hallway_stairs,
          nicolae_diamond_shop, elyvilon_altar_1
Temple:   hellmonk_temple_divided_pantheon
Lair:1:   layout_long_grid
Lair:2:   gammafunk_indiana_jones, layout_cellular_growth
Lair:3:   layout_big_grid, minmay_swamp_entry_eels, guppyfry_snake_entry_island,
          lemuel_fruit_tree
Lair:4:   layout_cave_pods, slime_entry_1, chequers_serial_rivers_micro_d,
          uniq_snorg, uniq_urug
Lair:5:   gammafunk_lair_ancient_temple, layout_long_grid,
          grunt_forest_small_clearings, uniq_rupert
Swamp:1:  layout_basic_swamp, serial_swamp_ruin, evilmike_swamp_ruin_house_6,
          evilmike_swamp_ruin_house_4, evilmike_swamp_ruin_house_1, swamp_pool4,
          infiniplex_staircase_pool_2
Snake:1:  layout_cave_shapes, drop_trap, grunt_megastairs_5,
          serial_bayou_shore_b
Snake:2:  layout_honeycomb, serial_shops, nicolae_shop_advertising_works
          [nicolae_subvault_shop_adworks], uniq_aizul
Snake:3:  layout_misc_corridors
Snake:4:  snake_pit, layout_rooms, minmay_shop_star
Orc:1:    layout_diamond_mine
Orc:2:    grunt_orc_community_town_hall, layout_diamond_mine,
          grunt_orc_community_big_house_2, grunt_orc_community_big_house_1,
          grunt_orc_community_house_3, grunt_orc_community_house_3,
          grunt_orc_community_house_2, grunt_orc_community_house_3,
          grunt_orc_community_house_1, grunt_orc_community_house_1
Elf:1:    layout_loops_corners, evilmike_minifort, drop_trap,
          nicolae_elf_big_sculpture_1, uniq_roxanne, uniq_agnes
Elf:2:    nicolae_elf_blades_splatter_lattice [mumra_blade_entry_dagger],
          layout_gridlike, grunt_megastairs_3
Elf:3:    minmay_elf_hall_spiked, layout_geoelf_octagon

Skill      XL: |  1  2  3  4  5  6  7  8  9 10 11 12 13 14 15 16 17 18 |
---------------+-------------------------------------------------------+-----
Translocations | 1 2 3 4 6 7 8 9 10 | 10.0
Hexes          | 1 2 3 4 5 7 8 10 | 10.0
Stealth        | 3 4 5 7 8 9 |  9.0
Evocations     | 1 2 |  2.0
Throwing       | 1 2 |  2.0
Dodging        | 3 4 5 6 |  6.0
Conjurations   | 5 6 7 8 9 10 11 13 14 15 16 17 18 | 18.2
Spellcasting   | 4 6 7 9 10 12 13 14 16 17 19 20 | 20.9
Shields        | 1 3 4 |  4.0
Poison Magic   | 3 |  3.0
Air Magic      | 3 5 7 9 11 | 11.7
Fire Magic     | 3 5 6 9 13 14 | 14.5
Fighting       | 1 2 4 5 6 7 |  7.6
Earth Magic    | 3 5 7 8 |  8.0

Action                   |  1- 3 |  4- 6 |  7- 9 | 10-12 | 13-15 | 16-18 || total
-------------------------+-------+-------+-------+-------+-------+-------++-------
Melee: Short sword       |    35 |    11 |     6 |       |       |       ||    52
       Scimitar          |       |       |     3 |     6 |       |       ||     9
       Staff             |       |       |       |     1 |       |     1 ||     2
Throw: Dart              |       |       |       |    16 |       |       ||    16
 Cast: Magic Dart        |    67 |    31 |    20 |    34 |       |       ||   152
       Searing Ray       |     4 |    17 |    30 |    18 |     3 |       ||    72
       Fulminant Prism   |       |       |    40 |   139 |   114 |    36 ||   329
       Iskenderun's Myst |       |       |    16 |    77 |    97 |    70 ||   260
       Fireball          |       |       |       |     8 |    50 |    20 ||    78
       Mephitic Cloud    |       |       |       |     1 |       |       ||     1
       Conjure Ball Ligh |       |       |       |    19 |   101 |   110 ||   230
       Orb of Destructio |       |       |       |       |    43 |    31 ||    74
       Lee's Rapid Decon |       |       |       |       |     6 |    23 ||    29
       Iron Shot         |       |       |       |       |       |    62 ||    62
       Ignition          |       |       |       |       |       |     3 ||     3
  Use: Scroll            |       |       |    19 |     7 |       |     7 ||    33
       Potion            |       |       |     2 |     3 |     4 |     6 ||    15
 Stab: Sleeping          |     3 |     2 |       |       |       |       ||     5
Armor: Robe              |    26 |     8 |    17 |    28 |    19 |    14 ||   112
Dodge: Dodged            |    38 |    16 |    40 |    35 |    46 |    56 ||   231
Block: Buckler           |       |       |     6 |    17 |    15 |    24 ||    62
